 Dungeon Crawl Stone Soup version 0.16-a0-3884-g0a5f664 (webtiles) character file.

958 Ololoev the Carver (level 7, -3/51 HPs)
             Began as a Vampire Fighter on Feb 2, 2015.
             Was a Follower of Okawaru.
             Killed from afar by a fire drake (21 damage)
             ... with a blast of flame
             ... on level 7 of the Dungeon.
             The game lasted 00:25:13 (4967 turns).

Ololoev the Carver (Vampire Fighter)                Turns: 4967, Time: 00:25:13

Health: -3/51      AC:  7    Str: 15    XL:     7   Next: 91%
Magic:  10/10      EV:  6    Int: 12    God:    Okawaru [*.....]
Gold:   183        SH:  8    Dex: 13    Spells: 0 memorised, 6 levels left

rFire  . . .     SeeInvis +     s - +0 falchion
rCold  . . .     Clarity  .     b - +0 scale mail
rNeg   + . .     SustAb   .     c - +0 shield
rPois  +         Gourm    .     (no helmet)
rElec  .         Spirit   .     (no cloak)
rCorr  .         Warding  .     h - +0 pair of gloves
rMut   .         Stasis   .     (no boots)
MR     .....                    l - amulet of faith
Stlth  ..........               w - ring of poison resistance
                                e - ring of positive energy

@: regenerating very quickly, not resistant to hostile enchantments, extremely
unstealthy
A: bottle blood, fangs 3, see invisible, unbreathing
a: Heroism, Renounce Religion


You were on level 7 of the Dungeon.
You worshipped Okawaru.
Okawaru was aware of your devotion.
You were almost alive.

You visited 2 branches of the dungeon, and saw 8 of its levels.

You collected 366 gold pieces.
You spent 161 gold pieces at shops.

Notes
Turn   | Place    | Note
--------------------------------------------------------------
     0 | D:1      | Ololoev, the Vampire Fighter, began the quest for the Orb.
     0 | D:1      | Reached XP level 1. HP: 17/17 MP: 1/1
   278 | D:1      | Reached XP level 2. HP: 23/23 MP: 2/2
   355 | D:1      | Reached skill level 3 in Long Blades
   549 | D:1      | Reached XP level 3. HP: 24/28 MP: 3/3
   871 | D:2      | Found a radiant altar of Vehumet.
  1090 | D:2      | Reached skill level 4 in Long Blades
  1131 | D:2      | Found a shadowy altar of Dithmenos.
  1422 | D:2      | Reached XP level 4. HP: 34/34 MP: 4/4
  1839 | D:3      | Found a blossoming altar of Fedhas.
  2058 | D:3      | Noticed a water moccasin
  2066 | D:3      | Killed a water moccasin
  2066 | D:3      | Reached skill level 5 in Long Blades
  2066 | D:3      | Reached XP level 5. HP: 32/39 MP: 5/5
  2145 | D:3      | Reached skill level 6 in Long Blades
  2294 | D:3      | Found a shattered altar of Ashenzari.
  2657 | D:4      | Reached XP level 6. HP: 34/46 MP: 6/6
  2728 | D:4      | Noticed Derenoc's ghost (experienced HOAK)
  2822 | D:4      | Found Xoqoh's Assorted Antiques.
  2830 | D:4      | Bought a scroll labeled CUSMYCOTES for 23 gold pieces
  2830 | D:4      | Bought a lead wand for 92 gold pieces
  2845 | D:4      | Bought a scroll of identify for 46 gold pieces
  3169 | D:4      | Found a sparkling altar of Nemelex Xobeh.
  3471 | D:4      | Noticed a phantom
  3485 | D:4      | Found a burning altar of Makhleb.
  3536 | D:4      | Killed a phantom
  3536 | D:4      | Reached skill level 7 in Long Blades
  3536 | D:4      | Reached skill level 1 in Evocations
  3701 | D:5      | Entered Level 5 of the Dungeon
  3839 | D:5      | Found a staircase to the Ecumenical Temple.
  3839 | D:5      | Noticed Edmund
  3848 | Temple   | Entered the Ecumenical Temple
  3868 | Temple   | Became a worshipper of Warmaster Okawaru
  4069 | D:5      | Noticed haldagan's ghost (average VSFi)
  4247 | D:6      | Reached XP level 7. HP: 36/51 MP: 9/9
  4456 | D:6      | Acquired Okawaru's first power
  4574 | D:6      | Reached skill level 8 in Long Blades
  4958 | D:7      | Noticed a fire drake
  4958 | D:7      | a hippogriff changed into a fire drake
  4967 | D:7      | Killed from afar by a fire drake

Inventory:

Hand weapons
 s - a +0 falchion (weapon)
Armour
 b - a +0 scale mail (worn)
 c - a +0 shield (worn)
 h - a +0 pair of gloves (worn)
Jewellery
 e - a ring of positive energy (left hand)
 l - an amulet of faith (around neck)
 w - a ring of poison resistance (right hand)
Magical devices
 u - a wand of teleportation (4)
 x - a wand of paralysis (15)
 D - a wand of frost (21)
 E - a wand of random effects (1)
Scrolls
 a - 2 scrolls of fear {unknown}
 d - a scroll of torment {unknown}
 k - 5 scrolls of recharging
 m - a scroll of blinking {unknown}
 n - a scroll of random uselessness {unknown}
 r - 2 scrolls of magic mapping {unknown}
 t - 3 scrolls of teleportation {unknown}
 y - a scroll of amnesia {unknown}
 A - a scroll of remove curse
 C - a scroll of acquirement {unknown}
Potions
 f - 3 potions of haste
 g - a potion of restore abilities {unknown}
 i - 2 potions of brilliance
 j - 3 potions of curing
 o - a potion of cancellation {unknown}
 p - 2 potions of heal wounds
 q - 12 potions of blood
 v - a potion of cure mutation {unknown}
 z - a potion of beneficial mutation {unknown}
 B - a potion of might

Table legend:
 A = Turns spent in this place as a percentage of turns spent in the entire game.
 B = Non-inter-level travel turns spent in this place as a percentage of non-inter-level travel turns spent in the entire game.
 C = Inter-level travel turns spent in this place as a percentage of turns spent in this place.
 D = Turns resting spent in this place as a percentage of non-inter-level travel turns spent in this place.
 E = Turns spent auto-exploring this place as a percentage of non-inter-level travel turns spent in this place.
 F = Non-inter-level travel turns spent in this place divided by the number of levels of this place that you've seen.
                   A       B       C       D       E      F
               +-------+-------+-------+-------+-------+----------------------
         Total | 100.0 | 100.0 |   0.5 |   1.5 |   8.1 | 276.4
       Dungeon |  98.1 |  98.1 |   0.5 |   1.6 |   8.2 | 309.7
        Temple |   1.9 |   1.9 |   0.0 |   0.0 |   0.0 |  43.0
               +-------+-------+-------+-------+-------+----------------------


   Skills:
 - Level 2.6 Fighting
 * Level 8.6 Long Blades
 - Level 2.4 Armour
 - Level 2.6 Shields
 + Level 3.4 Evocations


You had 6 spell levels left.
You didn't know any spells.

Dungeon Overview and Level Annotations

Branches:
Dungeon (7/15)             Temple (1/1) D:5

Altars:
Ashenzari
Dithmenos
Fedhas
Gozag
Kikubaaqudgha
Makhleb
Nemelex Xobeh
Okawaru
Trog
Vehumet
Yredelemnul
The Shining One

Shops:
D:4 *

Annotations:
D:4 Derenoc's ghost, experienced HOAK
D:5 Edmund; haldagan's ghost, average VSFi


Innate Abilities, Weirdness & Mutations

Your natural rate of healing is extremely fast.
You can bottle blood from corpses.
You have razor-sharp teeth.
You have supernaturally acute eyesight.
You can survive without breathing.


Message History

Evoking this partially-identified wand wasted a few charges.
Evoke which item? (* to show all) (? for menu, Esc to quit)
Zapping:
E - a wand of random effects {zapped: 10} (will waste charges)
Press: ? - help, Shift-Dir - straight line, f/p - hippogriff
Aim: a hippogriff (lightly wounded)
The hippogriff flickers and vanishes for a moment.
Evoking this partially-identified wand wasted a few charges.
Evoke which item? (* to show all) (? for menu, Esc to quit)
Zapping:
E - a wand of random effects {zapped: 13} (will waste charges)
Press: ? - help, Shift-Dir - straight line, f/p - hippogriff
Aim: a hippogriff (lightly wounded, slightly transparent)
The hippogriff evaporates and reforms as a fire drake!
Evoking this partially-identified wand wasted a few charges.
The fire drake breathes flames at you. The blast of flame hits you!
Evoke which item? (* to show all) (? for menu, Esc to quit)
Zapping:
E - a wand of random effects {zapped: 16} (will waste charges)
Press: ? - help, Shift-Dir - straight line, f/p - fire drake
Aim: a fire drake The bolt of cold hits the fire drake.
The fire drake is severely wounded.
Evoking this partially-identified wand wasted a few charges.
The fire drake breathes flames at you. The blast of flame hits you!
Evoke which item? (* to show all) (? for menu, Esc to quit)
Zapping:
E - a wand of random effects {zapped: 18} (will waste charges)
Press: ? - help, Shift-Dir - straight line, f/p - fire drake
Aim: a fire drake (severely wounded, catching its breath)
The fire drake resists with significant effort.
Evoking this partially-identified wand wasted a few charges.
The fire drake bites you.
You hit the fire drake but do no damage.
The fire drake is heavily wounded.
The fire drake bites you but does no damage.
You hit the fire drake.
The fire drake is severely wounded.
The fire drake bites you. The fire drake breathes flames at you.
The blast of flame hits you!
You die...

. ... ##... ?...
..k# # #####..#
#. #.. ...#
###..##.###.#
.........@k..#
###..##.##..#
#.##..######
#<.รท.........
#.........######
#####.##.##
......# ###.####
#.#


You could see a fire drake.

Table legend:
 A = Kills in this place as a percentage of kills in entire the game.
 B = Kills by you in this place as a percentage of kills by you in the entire game.
 C = Kills by friends in this place as a percentage of kills by friends in the entire game.
 D = Other kills in this place as a percentage of other kills in the entire game.
 E = Experience gained in this place as a percentage of experience gained in the entire game.
 F = Experience gained in this place divided by the number of levels of this place that you have seen.
                   A       B       C       D       E      F
               +-------+-------+-------+-------+-------+----------------------
         Total | 100.0 | 100.0 |  -nan |  -nan | 100.0 | 171.1
       Dungeon |  98.4 |  98.4 |  -nan |  -nan |  97.7 | 191.0
        Temple |   1.6 |   1.6 |  -nan |  -nan |   2.3 |  32.0
               +-------+-------+-------+-------+-------+----------------------

Vanquished Creatures
  A water moccasin (D:3)
  A phantom (D:4)
  An ogre (D:6)
  A water moccasin zombie (D:6)
  2 giant frogs
  A crimson imp (D:6)
  A giant frog zombie (D:5)
  4 hounds
  An orc priest (D:6)
  An orc wizard (D:6)
  A worker ant (Temple)
  A hound skeleton (D:6)
  A gnoll (D:1)
  6 adders
  2 giant mites
  4 worms
  An adder skeleton (D:4)
  A giant gecko (D:6)
  16 orcs
  A bat skeleton (D:4)
  4 giant cockroaches
  7 goblins
  17 hobgoblins
  A quokka (D:6)
  A ball python skeleton (D:4)
  22 bats
  7 giant newts
  8 kobolds
  12 rats
  A fungus (D:3)
  2 plants (D:3)
  2 toadstools (D:1)
132 creatures vanquished.

Vanquished Creatures (others)
  2 toadstools (D:1)
2 creatures vanquished.

Grand Total: 134 creatures vanquished

Action                   |  1- 3 |  4- 6 |  7- 9 || total
-------------------------+-------+-------+-------++-------
Melee: Long sword        |   125 |    84 |       ||   209
       Falchion          |       |   266 |   187 ||   453
Evoke: Deck              |       |     7 |       ||     7
       Wand              |       |       |     8 ||     8
  Use: Potion            |    12 |    16 |     5 ||    33
       Scroll            |       |     6 |     1 ||     7
 Stab: Invisible         |       |     1 |       ||     1

Vault maps used:
D:1:      ldierk_water_garden, hangedman_abyss_or_decor_stabs
D:2:      nicolae_overflow_crystal_walls, nicolae_dithmenos_shadow_blocks,
          kennysheep_generic_room_10
D:3:      evilmike_ruin_ashenzari, fedhas_altar_3
D:4:      lemuel_round_altar, nemelex_deck, first_bread, serial_shops,
          nicolae_shop_stone, minmay_bat_box
D:5:      lemuel_doored_altar, temple_fountains, serial_curves, eino_curves_03,
          eino_curves_01, uniq_menkaure, uniq_edmund
D:7:      kennysheep_housing_project
Temple:   circular_temple_12
